 Dungeon Crawl Stone Soup version 0.25.1-2-g60ff931 (webtiles) character file.

Game seed: 17097480457168150952

1325 GoldScarab the Magician (level 8, -2/60 HPs)
             Began as a Green Draconian Wizard on Sept 8, 2020.
             Was a Follower of Vehumet.
             Killed by divine providence
             ... invoked by an orc priest
              (12 damage)
             ... on level 7 of the Dungeon.
             The game lasted 00:45:56 (13240 turns).

GoldScarab the Magician (Green Draconian Wizard)   Turns: 13240, Time: 00:45:56

Health: -2/60      AC: 11    Str: 11    XL:     8   Next: 34%
Magic:  0/17       EV: 13    Int: 20    God:    Vehumet [*.....]
Gold:   293        SH:  0    Dex: 11    Spells: 12/20 levels left

rFire    . . .     SeeInvis .   j - +1 spear
rCold    . . .     Gourm    .   (no shield)
rNeg     . . .     Faith    .   (armour unavailable)
rPois    +         Spirit   +   a - +0 hat
rElec    .         Reflect  .   v - +1 cloak
rCorr    .         Harm     .   (no gloves)
MR       .....                  q - +2 pair of boots
Stlth    ++........             m - amulet of guardian spirit
HPRegen  0.20/turn              (no ring)
MPRegen  0.15/turn              (no ring)

@: very slightly contaminated
A: breathe noxious fumes, unfitting armour, poison resistance, strong 1, no
potion heal 1, cold-blooded, AC +6
a: Breathe Noxious Fumes, Renounce Religion


You were on level 7 of the Dungeon.
You worshipped Vehumet.
Vehumet was aware of your devotion.
You were not hungry.

You visited 2 branches of the dungeon, and saw 8 of its levels.

You collected 293 gold pieces.

Inventory:

Hand Weapons
 j - a +1 spear (weapon)
Armour
 a - a +0 hat (worn)
 q - a +2 pair of boots (worn)
 v - a +1 cloak (worn)
Jewellery
 m - an amulet of guardian spirit (around neck)
Wands
 k - a wand of acid (7)
 y - a wand of iceblast (9)
 z - a wand of polymorph (7)
Scrolls
 b - a scroll of blinking {unknown}
 e - 3 scrolls of enchant armour
 f - a scroll of enchant weapon
 h - 2 scrolls of fear
 i - a scroll of amnesia
 l - 7 scrolls of identify
 p - a scroll of remove curse {unknown}
 s - a scroll of magic mapping
 u - a scroll of immolation
 w - a scroll of fog
 A - a scroll of random uselessness {unknown}
Potions
 d - a potion of resistance {unknown}
 g - a potion of cancellation {unknown}
 n - 2 potions of curing {unknown}
 o - 2 potions of degeneration {unknown}
 r - 2 potions of might {unknown}
 t - 2 potions of flight {unknown}
 x - a potion of berserk rage {unknown}
Comestibles
 c - 2 rations
 B - 2 chunks of flesh


   Skills:
 + Level 1.7 Fighting
 + Level 3.2 Polearms
 + Level 3.4 Dodging
 + Level 2.8 Stealth
 + Level 0.2 Unarmed Combat
 + Level 6.5 Spellcasting
 + Level 2.8 Conjurations
 + Level 4.6 Summonings
 + Level 1.1 Translocations
 + Level 0.3 Air Magic


You had 12 spell levels left.
You knew the following spells:

 Your Spells              Type           Power        Failure   Level  Hunger
a - Magic Dart            Conj           ###.         3%          1    None
b - Call Imp              Summ           ####....     2%          2    None
c - Slow                  Hex            #.......     16%         2    None
d - Blink                 Tloc           N/A          10%         2    None
e - Shock                 Conj/Air       ##..         5%          1    None

Your spell library contained the following spells:

 Spells                   Type           Power        Failure   Level  Hunger
 Conjure Flame            Conj/Fire      ##......     17%         3    #......
 Mephitic Cloud           Conj/Pois/Air  ##......     19%         3    #......


Dungeon Overview and Level Annotations

Branches:
Dungeon (7/15)             Temple (1/1) D:4

Altars:
Ashenzari
Cheibriados
Fedhas
Gozag
Makhleb
Ru
Sif Muna
Vehumet
Wu Jian
Zin
The Shining One

Annotations:
D:4 Prince Ribbit


Innate Abilities, Weirdness & Mutations

You can breathe blasts of noxious fumes.
Your lurid green scales are hard. (AC +6)
You cannot fit into any form of body armour.
Your system is resistant to poisons. (rPois)
You are cold-blooded and may be slowed by cold attacks.
Your muscles are strong. (Str +2)
Potions are less effective at restoring your health.


Message History

You open the door. 2 orcs come into view.
An orc is wielding a +0 hand axe and quivering 5 boomerangs of dispersal.
The orc hits you but does no damage.
The orc shouts! x2
The orc throws a boomerang of dispersal.
The boomerang of dispersal closely misses you.
There is an open door here.
The orc warrior misses you.
You open the door.
An iguana comes into view.
The orc priest closely misses you. The orc hits you but does no damage.
The orc misses you.
There is an open door here.
The orc priest calls down the wrath of Beogh upon you.
Beogh smites you!
* * * LOW HITPOINT WARNING * * *
The orc priest mumbles some strange prayers to Beogh against you.
Beogh smites you!
You die...

###.######........#
#.# #........#
###.# #........# .
....# #........#
... ....#
#......o.###.....
....#
#.......o'o......
....#
##.....oo###.....
....# #.####o## .o.
....# #. #@# .
###.# #.# .รท..#
... ##### ##.## #l#
#.# #.# #.#


You could see an orc warrior, an iguana (asleep), 2 orc priests and 2 orcs.

Vanquished Creatures
  An ice beast (D:6)
  Duvessa (D:5)
  A sky beast (D:5)
  A centaur (D:5)
  A bullfrog (D:6)
  Dowan (D:5)
  A scorpion (D:4)
  A wyvern skeleton (D:6)
  4 howler monkeys
  A jelly (D:7)
  2 hounds (D:4)
  A bullfrog skeleton (D:5)
  3 worker ants
  A hound skeleton (D:4)
  A worker ant zombie (D:6)
  3 adders
  4 gnolls
  A shadow imp (D:6)
  2 oozes
  6 dart slugs
  2 leopard geckos
  4 orcs
  2 ball pythons
  2 giant cockroaches
  7 goblins
  8 hobgoblins
  6 jackals
  3 kobolds (D:2)
  6 quokkas
  14 bats
  4 frilled lizards
  5 rats
100 creatures vanquished.

Vanquished Creatures (collateral kills)
  A steam dragon (D:6)
  An orc warrior (D:3)
  An ogre (D:6)
  A crimson imp (D:5)
  A hound (D:5)
  Crazy Yiuf (D:4)
  An orc priest (D:6)
  A centaur skeleton (D:5)
  A gnoll shaman (D:6)
  3 orc wizards
  A worker ant (D:6)
  A worker ant zombie (D:6)
  4 adders
  6 gnolls
  A worm (D:5)
  2 dart slugs
  8 orcs
  A ball python (D:1)
  2 giant cockroaches
  2 goblins
  A hobgoblin (D:2)
  4 jackals
  A bat (D:3)
  A jackal skeleton (D:6)
  A kobold (D:3)
48 creatures vanquished.

Grand Total: 148 creatures vanquished

Notes
Turn   | Place    | Note
-------+----------+-------------------------------------------
     0 | D:1      | GoldScarab the Draconian Wizard began the quest for the
                  | Orb.
     0 | D:1      | Reached XP level 1. HP: 14/14 MP: 4/4
   333 | D:1      | Reached XP level 2. HP: 16/20 MP: 1/6
   991 | D:1      | Found a glowing golden altar of the Shining One.
  1212 | D:1      | Learned a level 2 spell: Call Imp
  1590 | D:2      | Reached XP level 3. HP: 22/26 MP: 5/8
  2258 | D:2      | Reached skill level 4 in Spellcasting
  2741 | D:2      | Gained mutation: Potions are less effective at restoring
                  | your health. [potion of mutation]
  2741 | D:2      | Gained mutation: Your muscles are strong. (Str +2) [potion
                  | of mutation]
  2952 | D:2      | Reached XP level 4. HP: 33/33 MP: 5/10
  4195 | D:3      | Noticed an orc warrior
  4221 | D:3      | Killed an orc warrior
  4221 | D:3      | Reached XP level 5. HP: 38/38 MP: 3/11
  4245 | D:3      | Found a shattered altar of Ashenzari.
  4623 | D:3      | Found an ornate altar of the Wu Jian Council.
  5025 | D:4      | Reached skill level 1 in Polearms
  5200 | D:4      | Found a staircase to the Ecumenical Temple.
  5214 | Temple   | Entered the Ecumenical Temple
  5222 | Temple   | Became a worshipper of Vehumet
  5533 | D:4      | Found a burning altar of Makhleb.
  5699 | D:4      | Reached XP level 6. HP: 44/46 MP: 10/13
  6113 | D:4      | Found a runed translucent door.
  6114 | D:4      | Noticed Crazy Yiuf
  6143 | D:4      | Killed Crazy Yiuf
  6898 | D:5      | Entered Level 5 of the Dungeon
  6925 | D:5      | Noticed Prince Ribbit
  7795 | D:5      | Reached skill level 5 in Spellcasting
  8075 | D:5      | Noticed Dowan
  8077 | D:5      | Noticed Duvessa
  8080 | D:5      | Found a sacrificial altar of Ru.
  9365 | D:5      | Your scales start taking on a lurid green colour.
  9365 | D:5      | Reached XP level 7. HP: 42/51 MP: 5/15
  9365 | D:5      | Gained mutation: Your system is resistant to poisons.
                  | (rPois) [Green Draconian growth]
  9528 | D:5      | Reached skill level 1 in Fighting
  9824 | D:6      | Learned a level 2 spell: Slow
  9829 | D:6      | Learned a level 2 spell: Blink
  9845 | D:5      | Killed Duvessa
  9875 | D:5      | Killed Dowan
 10704 | D:6      | Noticed a steam dragon
 11039 | D:6      | Reached skill level 6 in Spellcasting
 11304 | D:6      | Reached XP level 8. HP: 59/59 MP: 14/17
 11470 | D:6      | Reached * piety under Vehumet
 11470 | D:6      | Offered knowledge of Shock by Vehumet.
 11810 | D:6      | Learned a level 1 spell: Shock
 13240 | D:7      | Killed from afar by an orc priest

Illustrated notes

Levels and vault maps discovered:
D:1:      sevenhm_arrival_forest_fort_large_4, layout_loops_corners, tso_altar
D:2:      layout_basic, first_ration
D:3:      layout_loops_ring, evilmike_ruin_ashenzari, overflow_temple_1_default
D:4:      layout_gridville, makhleb_heckhound_becter,
          minmay_temple_entry_overgrown, uniq_crazy_yiuf_cottage
D:5:      layout_gridville, nicolae_ru_the_path_less_chosen, uniq_duvessa,
          uniq_prince_ribbit1
D:6:      cheibrodos_steamvent, layout_basic
D:7:      layout_basic, lightli_church_of_beogh
Temple:   eino_narrow_crystal_temple

Skill      XL: |  1  2  3  4  5  6  7  8 |
---------------+-------------------------+-----
Stealth        | 2 |  2.8
Dodging        | 2 3 |  3.4
Spellcasting   | 4 5 6 |  6.5
Conjurations   | 2 |  2.8
Polearms       | 1 2 3 |  3.2
Summonings     | 2 3 4 |  4.6
Fighting       | 1 |  1.7
Unarmed Combat | |  0.2
Translocations | |  1.1
Air Magic      | |  0.3

Action                   |  1- 3 |  4- 6 |  7- 9 || total
-------------------------+-------+-------+-------++-------
Melee: Unarmed           |    13 |       |       ||    13
       Tailslap          |     2 |    12 |     3 ||    17
       Dagger            |     1 |       |       ||     1
       Spear             |    11 |   138 |    70 ||   219
       Punch             |       |     1 |       ||     1
 Cast: Magic Dart        |    83 |    94 |    32 ||   209
       Call Imp          |     9 |    61 |    33 ||   103
       Shock             |       |       |    18 ||    18
       Blink             |       |       |     2 ||     2
 Abil: Breathe Noxious F |       |       |     5 ||     5
  Use: Scroll            |     1 |     6 |     5 ||    12
       Potion            |     1 |       |       ||     1
 Stab: Sleeping          |     1 |     1 |       ||     2
       Distracted        |       |     1 |       ||     1
  Eat: Chunk             |     5 |    10 |       ||    15
       Ration            |     1 |     3 |     3 ||     7
Armor: Skin              |    17 |   123 |    69 ||   209
Dodge: Dodged            |    48 |   201 |    80 ||   329
